Map: Lost and Found LE

Players

Namshar - Winner!

  • Race: Zerg Zerg
  • League: Master
  • Spawn Location: 7:00

Rogue

  • Race: Zerg Zerg
  • Spawn Location: 1:00

Event: HomeStory Cup XVIII

VOD

Have the link to the VOD?

Description

Time

  • Played on: Nov. 22, 2018, 12:20 p.m.
  • Length: 16:23

All games in this series

Show
View Real Time Build Order
Export as new Build Order

Namshar Zerg - Winner!

Build Orders: Hatch First, Lurkers, Zergling Baneling 

Get SALT Encoding   

  12  0:00  Drone  
  13  0:12  Overlord  
  13  0:16  Drone  
  14  0:30  Drone x2  
  16  0:47  Hatchery  
  15  0:50  Drone  
  15  0:53  Drone  
  15  0:57  Drone  
  18  1:07  Extractor  
  17  1:12  Spawning Pool  
  17  1:15  Drone  
  17  1:18  Drone  
  18  1:27  Drone  
  19  1:38  Drone  
  20  1:49  Drone  
  21  1:59  Queen x2  
  21  2:00  Drone, Overlord  
  26  2:08  Metabolic Boost  
  26  2:09  Drone  
  26  2:10  Drone  
  28  2:21  Drone x2  
  30  2:31  Drone x2  
  30  2:35  Hatchery  
  31  2:42  Zergling x2  
  31  2:43  Zergling x2  
  33  2:46  Baneling Nest  
  32  2:53  Overlord  
  32  2:55  Drone  
  33  2:59  Queen  
  35  3:09  Drone  
  35  3:11  Overlord  
  35  3:12  Drone x2, Zergling x2  
  39  3:13  Zergling x2  
  39  3:16  Zergling x2  
  39  3:18  Zergling x2  
  42  3:28  Evolution Chamber, Zergling x2  
  42  3:29  Baneling x2  
  42  3:32  Drone x2  
  44  3:39  Drone x2  
  44  3:40  Drone  
  47  3:43  Drone  
  47  3:46  Baneling  
  47  3:48  Drone x2  
  50  3:50  Drone x2  
  50  3:55  Zerg Missile Weapons Level 1  
  50  3:57  Overlord  
  50  3:58  Drone x2  
  50  3:59  Drone  
  50  4:02  Drone  
  52  4:06  Zergling x2  
  52  4:07  Zergling x2  
  52  4:08  Drone x2  
  56  4:11  Drone  
  56  4:13  Zergling x2  
  56  4:15  Baneling  
  58  4:20  Queen  
  58  4:23  Zergling x10  
  65  4:30  Baneling x2  
  64  4:38  Baneling x2  
  63  4:41  Zergling x6  
  63  4:42  Baneling  
  61  4:55  Overlord x2  
  61  4:57  Drone x5  
  66  5:08  Extractor  
  66  5:09  Extractor  
  66  5:13  Roach Warren  
  66  5:14  Extractor  
  62  5:20  Drone x7  
  67  5:32  Drone x7  
  67  5:33  Lair  
  67  5:35  Drone x5  
  77  5:39  Extractor  
  77  5:40  Overlord  
  77  5:41  Extractor  
  75  5:47  Overlord x2  
  75  5:49  Drone x2  
  77  5:53  Hatchery  
  76  6:03  Roach x3, Baneling  
  80  6:05  Baneling  
  80  6:07  Roach x8  
  95  6:15  Roach  
  95  6:16  Overlord x3  
  96  6:31  Pneumatized Carapace, Zerg Missile Weapons Level 2  
  96  6:33  Drone  
  96  6:35  Glial Reconstitution  
  96  6:36  Evolution Chamber  
  96  6:37  Drone x3  
  101  6:43  Overseer, Ravager  
  101  6:46  Overlord x3  
  101  6:47  Overlord  
  102  6:50  Drone x6  
  106  7:03  Drone  
  106  7:04  Drone, Roach  
  106  7:05  Roach x5  
  120  7:11  Zerg Ground Armor Level 1  
  120  7:22  Extractor  
  117  7:24  Roach x9  
  135  7:36  Drone x2, Overlord x2  
  135  7:37  Overseer, Overlord x2  
  137  7:47  Overlord x3  
  137  7:53  Roach x8  
  137  7:54  Ravager x2  
  137  7:55  Ravager x2  
  157  7:59  Roach x3  
  157  8:00  Roach x2  
  167  8:07  Overlord, Roach  
  167  8:08  Roach x3  
  167  8:10  Ravager x2  
  177  8:16  Roach  
  177  8:17  Roach x5  
  189  8:21  Roach x4  
  188  8:38  Drone x4  
  188  8:39  Drone x7  
  187  8:52  Ravager x2  
  187  8:53  Drone  
  187  8:54  Queen, Hydralisk Den  
  191  9:03  Ravager  
  191  9:04  Roach x3  
  198  9:22  Zerg Ground Armor Level 2  
  198  9:24  Drone  
  199  9:35  Roach x5  
  185  9:49  Roach x11  
  190  9:53  Roach x2  
  190  9:54  Roach x6  
  192  10:03  Roach x7  
  190  10:14  Overseer x2  
  175  10:20  Roach  
  175  10:21  Roach x10  
  188  10:25  Queen  
  188  10:27  Grooved Spines  
  187  10:29  Infestation Pit  
  187  10:30  Lurker Den, Ravager x2  
  187  10:33  Roach  
  187  10:34  Roach x3  
  195  10:40  Ravager x2  
  195  10:42  Roach  
  199  10:48  Extractor  
  199  10:49  Ravager  
  199  10:54  Hatchery  
  198  10:58  Roach x2  
  200  11:09  Hive  
  200  11:18  Spine Crawler, Spore Crawler  
  199  11:20  Spine Crawler x2  
  199  11:21  Overseer x3, Spine Crawler  
  199  11:22  Drone  
  199  11:23  Drone x4  
  200  11:29  Overseer  
  200  11:46  Spine Crawler x2  
  198  11:48  Spine Crawler  
  198  11:49  Spine Crawler  
  198  11:51  Muscular Augments  
  196  12:00  Drone x2  
  196  12:01  Drone x2  
  200  12:29  Hydralisk x3  
  174  12:38  Hydralisk x3  
  174  12:39  Roach x7  
  174  12:41  Drone  
  174  12:42  Drone x3  
  182  12:47  Hydralisk  
  182  12:48  Hydralisk x4  
  182  12:50  Drone  
  182  12:53  Zerg Ground Armor Level 3  
  182  12:56  Adaptive Talons  
  180  13:00  Drone x2  
  180  13:07  Drone x2  
  180  13:09  Lurker  
  180  13:10  Lurker x3  
  185  13:15  Zerg Missile Weapons Level 3  
  185  13:16  Drone  
  185  13:17  Drone  
  186  13:24  Burrow, Drone  
  186  13:25  Drone  
  188  13:27  Lurker x3  
  188  13:29  Lurker x3  
  188  13:30  Lurker  
  195  13:36  Drone x2  
  195  13:37  Drone x3  
  190  14:17  Roach  
  190  14:18  Roach x7  
  183  14:29  Roach x9  
  183  14:30  Roach x10  
  193  14:43  Hydralisk x5, Roach Warren  
  193  14:45  Hydralisk Den  
  199  14:51  Drone x6  
  199  14:58  Drone x4  
  191  15:12  Viper x2  
  191  15:13  Viper  
  196  15:22  Lurker x4  
  184  15:44  Hydralisk x2  
  184  15:45  Roach x8  
  181  15:56  Roach  
  178  15:57  Roach x5  
  178  16:01  Ravager x6  
Show
View Real Time Build Order
Export as new Build Order

Rogue Zerg 

Build Orders: Hatch First, Lurkers, Zergling Baneling 

Get SALT Encoding   

  12  0:00  Drone  
  13  0:12  Overlord  
  13  0:17  Drone  
  14  0:31  Drone x2  
  16  0:48  Hatchery  
  15  0:50  Drone  
  15  0:54  Drone  
  17  0:57  Drone  
  18  1:08  Extractor  
  17  1:13  Spawning Pool  
  17  1:15  Drone  
  17  1:19  Drone  
  18  1:28  Drone  
  19  1:38  Drone  
  20  1:49  Overlord  
  20  2:00  Queen x2  
  24  2:01  Drone x2  
  26  2:10  Drone  
  26  2:11  Drone  
  26  2:12  Metabolic Boost  
  30  2:22  Drone x2  
  30  2:34  Hatchery  
  30  2:37  Drone x2  
  30  2:43  Queen  
  33  2:51  Baneling Nest  
  33  2:52  Overlord  
  33  2:55  Zergling x2  
  33  3:00  Zergling x2  
  33  3:02  Drone  
  36  3:05  Drone  
  36  3:14  Drone x4  
  36  3:15  Zergling x2  
  36  3:16  Zergling x2  
  36  3:19  Overlord  
  42  3:23  Drone  
  42  3:24  Drone  
  44  3:35  Baneling x2  
  44  3:38  Zergling x2  
  44  3:39  Evolution Chamber, Zergling x2  
  44  3:40  Baneling  
  44  3:41  Baneling  
  45  3:48  Zergling x2  
  45  3:49  Zergling x10  
  45  3:54  Zergling x4  
  52  3:57  Overlord  
  52  4:00  Zergling x6  
  55  4:04  Baneling x3  
  55  4:05  Baneling  
  55  4:09  Drone x2  
  57  4:10  Drone  
  57  4:11  Extractor  
  57  4:18  Overlord  
  57  4:19  Drone x2  
  57  4:20  Roach Warren  
  57  4:22  Baneling x2  
  58  4:28  Drone  
  54  4:38  Drone  
  54  4:39  Drone x6  
  54  4:44  Drone x4  
  60  4:51  Drone x3  
  60  4:54  Extractor, Drone x2  
  60  4:55  Drone  
  62  5:00  Drone  
  62  5:02  Drone x2  
  62  5:05  Lair  
  65  5:08  Baneling  
  65  5:12  Zergling x2, Baneling  
  65  5:13  Zergling x6  
  69  5:16  Drone  
  70  5:24  Baneling  
  70  5:25  Zergling x2  
  70  5:27  Drone x3  
  70  5:28  Drone  
  74  5:32  Overlord  
  74  5:33  Overlord  
  74  5:34  Pneumatized Carapace  
  74  5:35  Drone  
  74  5:41  Extractor x2  
  74  5:42  Drone x2  
  74  5:43  Overlord  
  74  5:52  Drone x4  
  74  5:53  Drone x6  
  83  5:57  Drone x3  
  83  6:01  Drone  
  83  6:02  Drone  
  86  6:05  Drone  
  86  6:08  Extractor  
  86  6:09  Overlord  
  85  6:18  Roach x2  
  89  6:21  Roach  
  90  6:28  Hatchery  
  90  6:29  Hatchery  
  90  6:32  Overlord x3  
  88  6:34  Glial Reconstitution  
  88  6:35  Zerg Missile Weapons Level 1  
  88  6:37  Evolution Chamber  
  88  6:39  Roach x5  
  97  6:42  Baneling x2  
  97  6:43  Baneling x2  
  97  6:45  Overlord  
  97  6:51  Roach x3  
  97  6:53  Overlord  
  103  6:56  Overseer  
  103  6:57  Overseer  
  103  6:58  Roach  
  103  6:59  Roach x3  
  113  7:01  Roach  
  113  7:08  Zerg Ground Armor Level 1  
  113  7:13  Roach x5  
  122  7:21  Roach x5  
  131  7:26  Overlord  
  131  7:27  Overlord  
  131  7:31  Burrow  
  131  7:33  Queen  
  131  7:36  Roach x2  
  137  7:44  Overlord  
  137  7:46  Roach  
  137  7:47  Roach x5  
  150  7:58  Ravager x2  
  150  8:00  Drone x2  
  150  8:01  Extractor  
  150  8:02  Queen  
  150  8:04  Ravager  
  150  8:05  Ravager x2, Spine Crawler  
  156  8:08  Roach x5  
  156  8:12  Drone, Spore Crawler  
  167  8:16  Roach x4  
  174  8:20  Overlord x3  
  174  8:27  Overlord  
  174  8:28  Tunneling Claws  
  174  8:39  Roach x7  
  174  8:40  Roach x2  
  190  8:48  Ravager  
  189  8:54  Roach x4  
  189  8:55  Overlord  
  197  9:03  Overlord  
  197  9:05  Spine Crawler  
  196  9:16  Overlord  
  196  9:19  Overseer  
  196  9:20  Overseer  
  196  9:24  Zerg Ground Armor Level 2  
  196  9:26  Hydralisk Den  
  195  9:34  Roach x3  
  199  9:43  Roach x2  
  199  9:44  Roach  
  187  9:46  Roach x2  
  187  9:47  Roach x5  
  187  9:56  Roach  
  187  9:57  Roach x12  
  198  10:03  Roach  
  194  10:08  Roach  
  194  10:11  Roach x4  
  193  10:19  Roach x5  
  195  10:33  Roach x10  
  195  10:37  Hatchery  
  195  10:39  Hatchery  
  195  10:41  Lurker Den  
  190  10:54  Roach x8  
  192  11:01  Roach x5  
  200  11:10  Roach  
  200  11:18  Roach x8  
  200  11:23  Spine Crawler  
  199  11:43  Overlord  
  199  11:45  Overseer  
  199  11:46  Extractor  
  198  11:50  Overlord  
  198  11:52  Roach x13  
  199  12:01  Drone x2  
  199  12:02  Infestation Pit  
  199  12:04  Spine Crawler x2  
  197  12:14  Roach x11  
  197  12:22  Roach  
  199  12:28  Roach  
  199  12:29  Roach x4  
  173  12:37  Roach x7  
  173  12:38  Roach x8  
  173  12:41  Roach x3  
  173  12:43  Hive  
  195  12:48  Roach x3  
  183  12:52  Hydralisk x8, Roach x2  
  183  12:57  Drone x2  
  191  13:13  Roach x26  
  187  13:22  Zerg Missile Weapons Level 2  
  185  13:27  Drone x3  
  185  13:29  Lurker x8  
  185  13:33  Hydralisk  
  185  13:34  Hydralisk  
  200  13:45  Spine Crawler x2  
  200  13:46  Spine Crawler  
  197  13:49  Hydralisk  
  199  13:56  Overseer x2  
  199  14:00  Spore Crawler  
  199  14:01  Spore Crawler  
  195  14:07  Overseer  
  195  14:10  Adaptive Talons  
  195  14:16  Hydralisk x11  
  174  14:17  Hydralisk  
  174  14:20  Hydralisk  
  174  14:21  Hydralisk x10  
  186  14:25  Hydralisk  
  186  14:27  Roach  
  186  14:28  Roach x2  
  186  14:30  Lurker  
  186  14:31  Lurker  
  172  14:33  Roach  
  157  14:40  Roach x2  
  157  14:41  Roach  
  157  14:42  Lurker x2  
  155  14:47  Roach x2  
  155  14:51  Lurker x5  
  155  14:52  Lurker  
  133  15:00  Roach x2  
  133  15:07  Roach x2  
  133  15:11  Overseer  
  133  15:12  Roach x2  
  135  15:19  Roach x2  
  135  15:22  Roach x2  
  139  15:32  Roach  
  133  15:39  Lurker x2  
  133  15:42  Roach x4  
  114  15:52  Roach x2  
  114  15:55  Lurker  
  109  16:00  Roach x2  
Tags
 
Add a new tag
Caveats
  • Supply blocks, unpowered buildings, or Contaminate may cause inaccurate times.
  • Supply counts are checked every 10 seconds.